 Dungeon Crawl Stone Soup version 0.29.1-4-g47bece8355 (webtiles) character file.

Game seed: 7121789902712459150

26 Radix the Caller (level 2, 0/15 HPs)
             Began as a Deep Elf Summoner on Dec 12, 2022.
             Succumbed to an adder's poison
             ... on level 2 of the Dungeon.
             The game lasted 00:12:59 (1660 turns).

Radix the Caller (Deep Elf Summoner)                Turns: 1660, Time: 00:13:00

Health: 0/15       AC:  2    Str:  5    XL:     2   Next: 89%
Magic:  9/9        EV: 12    Int: 19    God:
Gold:   29         SH:  0    Dex: 15    Spells: 8/9 levels left

rFire   + . .      SeeInvis .   g - +2 dagger (venom)
rCold   x . .      Faith    .   (no shield)
rNeg    . . .      Spirit   .   a - +0 robe
rPois   .          Reflect  .   (no helmet)
rElec   .          Harm     .   (no cloak)
rCorr   .          Rampage  .   (no gloves)
Will    .....                   (no boots)
Stlth   ++........              (no amulet)
HPRegen 0.05/turn               d - ring of fire
MPRegen 0.11/turn               (no ring)

@: lethally poisoned (0 -> -1)
A: no striking features
a: no special abilities


You were on level 2 of the Dungeon.
You visited 1 branch of the dungeon, and saw 2 of its levels.

You collected 51 gold pieces.
You spent 22 gold pieces at shops.

Inventory:

Hand Weapons
 g - a +2 dagger of venom (weapon)
Armour
 a - a +0 robe (worn)
Jewellery
 d - a ring of fire (left hand)
Scrolls
 c - a scroll of noise {unknown}
 f - 3 scrolls of identify
 j - a scroll of fear {unknown}
Potions
 b - a potion of magic
 e - a potion of ambrosia {unknown}
 i - a potion of mutation {unknown}
 k - a potion of curing {unknown}
 l - a potion of degeneration {unknown}


   Skills:
 - Level 2.4 Dodging
 - Level 2.4 Stealth
 + Level 4.0 Spellcasting
 + Level 4.9 Summonings


You had 8 spell levels left.
You knew the following spells:

 Your Spells              Type           Power      Damage    Failure   Level
a - Summon Small Mammal   Summ           88%        N/A       1%          1

Your spell library contained the following spells:

 Spells                   Type           Power      Damage    Failure   Level
 Call Imp                 Summ           22%        N/A       2%          2
 Call Canine Familiar     Summ           22%        N/A       5%          3
 Summon Guardian Golem    Hex/Summ       13%        N/A       16%         3
 Summon Lightning Spire   Summ/Air       13%        N/A       45%         4


Dungeon Overview and Level Annotations

Branches:
Dungeon (2/15)

Altars:

Shops:
D:1 ?


Message History

Your bat's corpse disappears in a puff of smoke!
Your quokka barely misses the adder.
Casting: Summon Small Mammal (safe; 1% risk of failure)
Confirm with . or Enter, or press ? or * to list all spells.
The adder completely misses you. The adder attacks as you move away!
The adder completely misses you.
Your quokka barely misses the adder.
The adder bites you but does no damage. The adder attacks as you move away!
The adder closely misses you.
Your quokka closely misses the adder.
The adder barely misses you.
Your quokka closely misses the adder.
The adder attacks as you move away! The adder bites you but does no damage.
The adder barely misses you. The adder attacks as you move away!
The adder bites you. The adder bites you. The adder attacks as you move away!
The adder closely misses you.
Your quokka bites the adder.
The adder attacks as you move away! The adder completely misses you.
The adder bites you but does no damage.
Your quokka closely misses the adder.
The adder attacks as you move away! The adder closely misses you.
The adder bites you. The adder attacks as you move away! The adder bites you.
The adder attacks as you move away! The adder barely misses you.
The adder bites you.
You are poisoned.
The adder poisons you!
You hit the adder.
The adder is moderately wounded.
You feel sick.
Your quokka disappears in a puff of smoke!
The adder completely misses you.
The air fills with toxic fumes!
As you read the scroll labelled MAKKAQ HUB, it crumbles to dust.
It was a scroll of poison.
You feel sick. The adder bites you.
* * * LOW HITPOINT WARNING * * *
You hit the adder.
The adder is poisoned.
The adder is severely wounded.
You die...

########################
#
#..§§§§§§§@S§§§§§§.....#
#
#.####################.#
# #.# #.# # #.# #r#
#####.#.# #.# ....#.#.#
#.# ....#.#.#### #.#
....#......# #.#
....#......# #.#


You could see an adder (very poisoned).

Vanquished Creatures
  2 bats (D:1)
  A goblin (D:2)
  2 hobgoblins (D:2)
  A frilled lizard (D:2)
  2 rats (D:1)
8 creatures vanquished.

Vanquished Creatures (collateral kills)
  2 ball pythons (D:1)
  2 bats (D:1)
  5 endoplasms
  2 goblins (D:1)
  A frilled lizard (D:1)
  2 kobolds
  2 rats (D:1)
16 creatures vanquished.

Grand Total: 24 creatures vanquished

Notes
Turn   | Place    | Note
-------+----------+-------------------------------------------
     0 | D:1      | Radix the Deep Elf Summoner began the quest for the Orb.
     0 | D:1      | Reached XP level 1. HP: 10/10 MP: 6/6
   497 | D:1      | Found Qoebor's Magic Scroll Emporium.
   504 | D:1      | Reached XP level 2. HP: 15/15 MP: 4/8
  1173 | D:1      | Bought a scroll of identify for 22 gold pieces
  1660 | D:2      | Succumbed to an adder's poison

Illustrated notes

Levels and vault maps discovered:
D:1:      minmay_arrival_four_loops, layout_rooms, serial_shops,
          nicolae_diamond_shop
D:2:      layout_basic, st_stairs_12

Skill      XL: |  1  2 |
---------------+-------+-----
Spellcasting   | 4 |  4.0
Dodging        | |  2.4
Stealth        | |  2.4
Summonings     | |  4.9

Action                   || total
-------------------------++-------
Melee: Unarmed           ||     4
       Dagger            ||    20
 Cast: Summon Small Mamm ||    32
  Use: Scroll            ||     1
 Stab: Sleeping          ||     1
Armor: Robe              ||    42
Dodge: Dodged            ||    73
